General information
- name: BNet
- type: Ladder team game (AT/RT)
- host: Battle.net
- saver: BEAR_AND
map: Dragonblight
- players: 6
- length: 116:19
- speed: Fast
- version: 1.27 W3XP
- replay type:

» download(883 KB)
Players
team 1 (loser)
C.SAR (
pink | 59 APM | 6872 actions | 116:19)
6 Demon Hunter
2 Evasion
3 Mana Burn
1 Metamorphosis
2 Pandaren Brewmaster
1 Breath of Fire
1 Drunken Haze
» actions
| Assign group hotkey | 322 | |
| Basic commands | 11 | |
| Build / train | 152 | |
| Enter build submenu | 30 | |
| Enter hero's abilities submenu | 9 | |
| Give item / drop item | 2 | |
| Remove unit from queue | 7 | |
| Right click | 4209 | |
| Select / deselect | 915 | |
| Select group hotkey | 981 | |
| Use ability | 234 | |
6872 total
» units
| Wisp | 39 | |
| Archer | 12 | |
| Druid of the Talon | 7 | |
| Hippogryph | 2 | |
| Chimaera | 25 | |
| Druid of the Claw | 7 | |
92 total
» upgrades
| Improved Bows | 1 | |
| Strength of the Wild | 3 | |
| Strength of the Moon | 2 | |
| Druid of the Talon Training | 2 | |
| Reinforced Hides | 3 | |
| Corrosive Breath | 1 | |
| Well Spring | 1 | |
| Druid of the Claw Training | 2 | |
| Mark of the Claw | 1 | |
| Hardened Skin | 1 | |
| Ultravision | 1 | |
18 total
» buildings
| Altar of Elders | 1 | |
| Moon Well | 7 | |
| Ancient of War | 1 | |
| Tree of Ages | 5 | |
| Ancient of Wonders | 1 | |
| Hunter's Hall | 1 | |
| Ancient of Wind | 2 | |
| Ancient Protector | 5 | |
| Tree of Eternity | 2 | |
| Chimaera Roost | 3 | |
| Tree of Life | 1 | |
| Ancient of Lore | 2 | |
31 total
» build order
00:20 Altar of Elders
00:27 Moon Well
00:32 Ancient of War
01:20 Moon Well
02:42 Tree of Ages
02:43 Tree of Ages
03:18 Ancient of Wonders
05:11 Hunter's Hall
05:29 Ancient of Wind
06:49 Moon Well
07:15 Ancient Protector
07:54 Ancient of Wind
10:37 Ancient Protector
11:35 Tree of Eternity
11:35 Tree of Eternity
12:27 Ancient Protector
12:31 Ancient Protector
14:44 Moon Well
14:47 Chimaera Roost
16:21 Moon Well
18:08 Moon Well
18:09 Moon Well
26:49 Tree of Life
28:19 Ancient of Lore
29:00 Ancient Protector
33:41 Ancient of Lore
44:00 Chimaera Roost
53:31 Chimaera Roost
» items
| Boots of Speed | 1 | |
| Orb of Venom | 1 | |
| Potion of Healing | 1 | |
| Staff of Preservation | 1 | |
| Potion of Lesser Invulnerability | 2 | |
6 total
Jump_InYOurASS (
yellow | 91 APM | 8875 actions | 98:02)
6 Death Knight
3 Death Coil
2 Unholy Aura
1 Animate Dead
7 Lich
3 Frost Nova
3 Frost Armor
1 Death and Decay
» actions
| Assign group hotkey | 41 | |
| Basic commands | 2 | |
| Build / train | 62 | |
| Enter build submenu | 17 | |
| Enter hero's abilities submenu | 13 | |
| Give item / drop item | 1 | |
| Right click | 7414 | |
| Select / deselect | 715 | |
| Select group hotkey | 408 | |
| Use ability | 202 | |
8875 total
» units
| Acolyte | 2 | |
| Ghoul | 4 | |
| Crypt Fiend | 12 | |
| Frost Wyrm | 8 | |
26 total
» upgrades
| Creature Attack | 3 | |
| Creature Carapace | 2 | |
| Burrow | 1 | |
| Web | 1 | |
| Freezing Breath | 1 | |
8 total
» buildings
| Crypt | 1 | |
| Graveyard | 1 | |
| Altar of Darkness | 1 | |
| Ziggurat | 9 | |
| Tomb of Relics | 1 | |
| Nerubian Tower | 1 | |
| Halls of the Dead | 2 | |
| Black Citadel | 1 | |
| Sacrificial Pit | 1 | |
| Boneyard | 2 | |
| Spirit Tower | 1 | |
21 total
» build order
00:26 Crypt
00:31 Graveyard
00:47 Altar of Darkness
01:00 Ziggurat
01:15 Tomb of Relics
02:24 Ziggurat
03:11 Nerubian Tower
05:14 Ziggurat
06:06 Halls of the Dead
06:07 Halls of the Dead
07:21 Ziggurat
07:22 Ziggurat
08:33 Black Citadel
08:52 Sacrificial Pit
09:49 Ziggurat
11:04 Boneyard
11:26 Boneyard
12:04 Spirit Tower
12:24 Ziggurat
13:13 Ziggurat
18:07 Ziggurat
» items
| Rod of Necromancy | 1 | |
| Dust of Appearance | 1 | |
| Scroll of Healing | 2 | |
| Potion of Lesser Invulnerability | 2 | |
| Scroll of Protection | 1 | |
| Scroll of Town Portal | 1 | |
8 total
Tornado-Ro (
purple | 150 APM | 15102 actions | 100:35)
9 Tauren Chieftain
3 War Stomp
3 Endurance Aura
1 Reincarnation
2 Shockwave
8 Shadow Hunter
3 Hex
3 Healing Wave
1 Big Bad Voodoo
1 Serpent Ward
» actions
| Assign group hotkey | 90 | |
| Basic commands | 224 | |
| Build / train | 121 | |
| Enter build submenu | 43 | |
| Enter hero's abilities submenu | 18 | |
| Give item / drop item | 1 | |
| Remove unit from queue | 11 | |
| Right click | 5456 | |
| Select / deselect | 1272 | |
| Select group hotkey | 7508 | |
| Use ability | 358 | |
15102 total
» units
| Peon | 24 | |
| Grunt | 4 | |
| Troll Witch Doctor | 13 | |
| Tauren | 3 | |
| Blue Dragon | 9 | |
| Shaman | 9 | |
62 total
» upgrades
| Witch Doctor Training | 2 | |
| Armor | 3 | |
| Reinforced Defenses | 1 | |
| Shaman Training | 2 | |
| Melee Weapons | 2 | |
| Pulverize | 1 | |
11 total
» buildings
| Altar of Storms | 1 | |
| Orc Burrow | 10 | |
| Barracks | 1 | |
| Voodoo Lounge | 1 | |
| Stronghold | 1 | |
| War Mill | 1 | |
| Fortress | 1 | |
| Spirit Lodge | 1 | |
| Tauren Totem | 2 | |
| Watch Tower | 18 | |
| Great Hall | 2 | |
39 total
» build order
00:07 Altar of Storms
00:19 Orc Burrow
00:35 Barracks
01:31 Orc Burrow
02:05 Voodoo Lounge
02:53 Stronghold
04:25 Orc Burrow
04:33 War Mill
05:17 Fortress
06:03 Spirit Lodge
06:30 Orc Burrow
08:06 Tauren Totem
08:07 Tauren Totem
11:32 Orc Burrow
12:29 Watch Tower
12:52 Watch Tower
13:44 Watch Tower
13:51 Watch Tower
14:27 Watch Tower
15:03 Watch Tower
15:20 Watch Tower
16:43 Orc Burrow
16:46 Watch Tower
17:03 Watch Tower
17:25 Watch Tower
17:55 Watch Tower
18:22 Orc Burrow
18:37 Watch Tower
20:29 Orc Burrow
20:31 Orc Burrow
21:37 Great Hall
29:55 Orc Burrow
32:10 Watch Tower
32:48 Watch Tower
35:42 Great Hall
37:21 Watch Tower
37:23 Watch Tower
37:25 Watch Tower
37:28 Watch Tower
» items
| Healing Salve | 4 | |
| Scroll of Speed | 3 | |
| Tiny Great Hall | 1 | |
| Scroll of Town Portal | 3 | |
| Lesser Clarity Potion | 4 | |
| Orb of Lightning | 1 | |
16 total
team 2 (winner)
BEAR_AND (
teal | 99 APM | 11557 actions | 116:19)
9 Blademaster
3 Wind Walk
3 Critical Strike
1 Bladestorm
2 Mirror Image
» actions
| Assign group hotkey | 14 | |
| Basic commands | 22 | |
| Build / train | 80 | |
| Enter build submenu | 30 | |
| Enter hero's abilities submenu | 9 | |
| Remove unit from queue | 8 | |
| Right click | 8671 | |
| Select / deselect | 1039 | |
| Select group hotkey | 863 | |
| Use ability | 816 | |
11557 total
» units
| Peon | 10 | |
| Troll Batrider | 20 | |
| Raider | 4 | |
34 total
» upgrades
| Ranged Weapons | 3 | |
| Liquid Fire | 1 | |
| Armor | 1 | |
| Reinforced Defenses | 1 | |
| Ensnare | 1 | |
7 total
» buildings
| Altar of Storms | 2 | |
| Orc Burrow | 5 | |
| War Mill | 1 | |
| Voodoo Lounge | 2 | |
| Watch Tower | 18 | |
| Stronghold | 3 | |
| Fortress | 1 | |
| Beastiary | 2 | |
34 total
» build order
00:06 Altar of Storms
00:18 Orc Burrow
00:33 War Mill
01:37 Voodoo Lounge
01:54 Watch Tower
02:22 Orc Burrow
02:28 Watch Tower
02:49 Watch Tower
02:56 Voodoo Lounge
04:00 Stronghold
04:00 Stronghold
04:00 Stronghold
04:02 Watch Tower
04:19 Watch Tower
04:28 Watch Tower
04:30 Watch Tower
05:28 Watch Tower
05:29 Watch Tower
05:30 Watch Tower
05:37 Watch Tower
05:38 Watch Tower
06:23 Fortress
06:28 Beastiary
06:29 Beastiary
06:33 Orc Burrow
06:51 Watch Tower
06:52 Watch Tower
09:38 Watch Tower
09:42 Watch Tower
09:43 Watch Tower
12:32 Orc Burrow
13:44 Watch Tower
34:39 Altar of Storms
35:08 Orc Burrow
» items
| Healing Salve | 3 | |
| Lesser Clarity Potion | 5 | |
| Boots of Speed | 1 | |
| Staff of Teleportation | 3 | |
| Orb of Lightning | 1 | |
| Scroll of Town Portal | 1 | |
14 total
feedingfingertm (
blue | 98 APM | 11446 actions | 116:19)
9 Warden
2 Shadow Strike
3 Blink
1 Spirit of Vengeance
3 Fan of Knives
» actions
| Assign group hotkey | 93 | |
| Basic commands | 71 | |
| Build / train | 99 | |
| ESC pressed | 15 | |
| Enter build submenu | 30 | |
| Enter hero's abilities submenu | 11 | |
| Give item / drop item | 4 | |
| Right click | 7749 | |
| Select / deselect | 1394 | |
| Select group hotkey | 1107 | |
| Use ability | 872 | |
11446 total
» units
| Wisp | 24 | |
| Druid of the Talon | 9 | |
| Blue Dragon | 6 | |
39 total
» upgrades
| Ultravision | 1 | |
| Well Spring | 1 | |
| Druid of the Talon Training | 2 | |
| Strength of the Wild | 3 | |
| Reinforced Hides | 3 | |
| Mark of the Talon | 1 | |
| Nature's Blessing | 1 | |
12 total
» buildings
| Altar of Elders | 1 | |
| Moon Well | 18 | |
| Tree of Ages | 1 | |
| Hunter's Hall | 1 | |
| Tree of Eternity | 2 | |
| Ancient of Wind | 2 | |
| Ancient of Wonders | 1 | |
| Tree of Life | 4 | |
30 total
» build order
00:25 Altar of Elders
00:27 Moon Well
01:24 Moon Well
05:28 Tree of Ages
06:30 Hunter's Hall
08:16 Tree of Eternity
08:16 Tree of Eternity
09:27 Ancient of Wind
09:28 Ancient of Wind
09:40 Ancient of Wonders
11:26 Moon Well
11:29 Moon Well
63:14 Tree of Life
72:17 Tree of Life
94:45 Tree of Life
98:12 Tree of Life
103:12 Moon Well
109:24 Moon Well
109:25 Moon Well
109:26 Moon Well
109:27 Moon Well
109:29 Moon Well
109:30 Moon Well
109:31 Moon Well
112:35 Moon Well
112:36 Moon Well
112:37 Moon Well
112:42 Moon Well
112:43 Moon Well
112:45 Moon Well
» items
| Boots of Speed | 1 | |
| Staff of Teleportation | 1 | |
| Lesser Clarity Potion | 8 | |
| Healing Salve | 4 | |
| Orb of Venom | 2 | |
| Scroll of Town Portal | 3 | |
| Staff of Sanctuary | 1 | |
20 total
mata (
green | 93 APM | 10793 actions | 116:19)
5 Archmage
2 Blizzard
2 Brilliance Aura
1 Summon Water Elemental
5 Mountain King
3 Storm Bolt
2 Bash
» actions
| Assign group hotkey | 371 | |
| Basic commands | 94 | |
| Build / train | 353 | |
| ESC pressed | 4 | |
| Enter build submenu | 204 | |
| Enter hero's abilities submenu | 11 | |
| Give item / drop item | 1 | |
| Right click | 4959 | |
| Select / deselect | 2948 | |
| Select group hotkey | 1030 | |
| Use ability | 818 | |
10793 total
» units
| Peasant | 38 | |
| Spell Breaker | 4 | |
| Priest | 7 | |
| Goblin Zeppelin | 1 | |
| Dragonhawk Rider | 8 | |
| Blue Dragon | 3 | |
61 total
» upgrades
| Masonry | 3 | |
| Lumber Harvesting | 2 | |
| Magic Sentry | 1 | |
| Priest Training | 2 | |
| Control Magic | 1 | |
| Armor | 2 | |
| Animal War Training | 1 | |
12 total
» buildings
| Altar of Kings | 1 | |
| Lumber Mill | 1 | |
| Farm | 6 | |
| Scout Tower | 264 | |
| Arcane Tower | 5 | |
| Guard Tower | 242 | |
| Keep | 1 | |
| Town Hall | 3 | |
| Castle | 1 | |
| Arcane Sanctum | 1 | |
| Arcane Vault | 1 | |
| Gryphon Aviary | 2 | |
| Barracks | 1 | |
| Blacksmith | 1 | |
530 total
» build order
00:06 Altar of Kings
00:18 Lumber Mill
00:37 Farm
01:30 Scout Tower
01:45 Farm
01:58 Scout Tower
02:01 Arcane Tower
02:02 Scout Tower
02:23 Scout Tower
02:24 Scout Tower
02:25 Guard Tower
02:25 Guard Tower
02:28 Scout Tower
02:29 Guard Tower
02:48 Farm
02:49 Farm
02:52 Guard Tower
02:53 Guard Tower
02:54 Scout Tower
02:55 Scout Tower
03:08 Guard Tower
03:09 Guard Tower
03:10 Scout Tower
03:28 Scout Tower
03:29 Scout Tower
03:54 Guard Tower
03:55 Scout Tower
04:00 Keep
04:11 Guard Tower
04:12 Scout Tower
04:15 Scout Tower
04:18 Guard Tower
04:18 Guard Tower
04:25 Guard Tower
04:25 Guard Tower
04:26 Scout Tower
04:32 Guard Tower
04:33 Scout Tower
04:41 Farm
04:44 Guard Tower
04:45 Scout Tower
04:46 Scout Tower
05:09 Guard Tower
05:10 Scout Tower
05:10 Scout Tower
05:12 Guard Tower
05:13 Guard Tower
05:14 Scout Tower
05:24 Guard Tower
05:24 Guard Tower
05:32 Scout Tower
05:33 Scout Tower
05:39 Guard Tower
05:39 Guard Tower
05:39 Guard Tower
05:44 Guard Tower
05:44 Guard Tower
05:49 Scout Tower
06:03 Scout Tower
06:04 Scout Tower
06:06 Guard Tower
06:06 Guard Tower
06:07 Scout Tower
06:07 Scout Tower
06:40 Guard Tower
06:56 Town Hall
07:04 Scout Tower
07:09 Guard Tower
07:09 Guard Tower
07:11 Scout Tower
07:11 Scout Tower
07:13 Scout Tower
07:14 Scout Tower
07:40 Guard Tower
07:40 Guard Tower
07:44 Scout Tower
07:44 Scout Tower
07:58 Guard Tower
07:58 Guard Tower
08:28 Guard Tower
08:28 Guard Tower
08:30 Scout Tower
08:31 Scout Tower
08:41 Scout Tower
08:42 Scout Tower
08:47 Guard Tower
08:47 Guard Tower
08:50 Scout Tower
08:50 Scout Tower
08:51 Scout Tower
09:04 Scout Tower
09:05 Scout Tower
09:10 Guard Tower
09:11 Guard Tower
09:13 Guard Tower
09:13 Guard Tower
09:14 Scout Tower
09:15 Scout Tower
09:33 Guard Tower
09:36 Guard Tower
09:36 Guard Tower
09:38 Guard Tower
09:39 Guard Tower
09:41 Scout Tower
09:42 Scout Tower
09:49 Guard Tower
09:49 Guard Tower
09:53 Scout Tower
09:53 Scout Tower
09:54 Scout Tower
09:55 Scout Tower
09:58 Scout Tower
09:59 Scout Tower
10:01 Guard Tower
10:01 Guard Tower
10:11 Scout Tower
10:12 Scout Tower
10:23 Guard Tower
10:24 Scout Tower
10:25 Scout Tower
10:27 Guard Tower
10:28 Guard Tower
10:28 Scout Tower
10:29 Scout Tower
10:30 Scout Tower
10:31 Scout Tower
11:36 Guard Tower
11:38 Castle
11:42 Arcane Sanctum
12:07 Scout Tower
12:08 Scout Tower
12:09 Scout Tower
12:14 Guard Tower
12:15 Guard Tower
12:16 Scout Tower
12:17 Scout Tower
12:27 Scout Tower
12:28 Scout Tower
12:29 Scout Tower
12:29 Scout Tower
12:39 Scout Tower
12:40 Scout Tower
12:42 Scout Tower
12:42 Scout Tower
12:46 Guard Tower
12:51 Guard Tower
12:51 Guard Tower
12:57 Town Hall
12:59 Scout Tower
12:59 Scout Tower
13:00 Scout Tower
13:30 Guard Tower
13:30 Guard Tower
13:30 Guard Tower
13:33 Scout Tower
13:33 Scout Tower
13:34 Scout Tower
13:35 Scout Tower
13:40 Farm
13:42 Guard Tower
13:44 Scout Tower
13:45 Scout Tower
13:45 Scout Tower
13:45 Scout Tower
13:50 Guard Tower
13:50 Guard Tower
13:52 Scout Tower
13:52 Scout Tower
13:53 Scout Tower
13:53 Scout Tower
13:54 Scout Tower
13:54 Scout Tower
14:53 Scout Tower
14:54 Scout Tower
15:02 Guard Tower
15:02 Guard Tower
15:14 Guard Tower
15:14 Guard Tower
15:23 Arcane Vault
15:29 Guard Tower
15:29 Guard Tower
15:31 Scout Tower
15:32 Scout Tower
15:38 Guard Tower
15:38 Guard Tower
15:41 Scout Tower
15:42 Scout Tower
15:43 Scout Tower
15:44 Scout Tower
15:44 Scout Tower
15:44 Scout Tower
15:47 Guard Tower
15:47 Guard Tower
15:56 Scout Tower
15:57 Scout Tower
15:57 Scout Tower
16:07 Scout Tower
16:07 Scout Tower
16:08 Scout Tower
16:08 Scout Tower
16:21 Guard Tower
17:04 Guard Tower
17:04 Guard Tower
17:07 Scout Tower
17:09 Guard Tower
17:11 Scout Tower
17:12 Scout Tower
17:18 Guard Tower
17:18 Guard Tower
17:54 Town Hall
18:01 Scout Tower
18:02 Scout Tower
18:06 Scout Tower
18:09 Guard Tower
18:09 Guard Tower
18:11 Scout Tower
18:11 Scout Tower
18:12 Scout Tower
18:12 Scout Tower
18:32 Guard Tower
18:33 Guard Tower
18:37 Scout Tower
18:38 Scout Tower
18:50 Scout Tower
19:06 Guard Tower
19:08 Guard Tower
19:10 Scout Tower
19:12 Scout Tower
19:14 Scout Tower
19:14 Scout Tower
19:29 Guard Tower
19:29 Guard Tower
19:39 Scout Tower
19:39 Scout Tower
19:40 Scout Tower
19:41 Scout Tower
19:43 Guard Tower
19:44 Guard Tower
19:44 Guard Tower
19:47 Scout Tower
20:11 Guard Tower
20:12 Guard Tower
20:13 Scout Tower
20:14 Guard Tower
20:15 Scout Tower
20:16 Guard Tower
20:38 Guard Tower
20:49 Guard Tower
21:01 Scout Tower
21:02 Scout Tower
21:03 Scout Tower
21:04 Scout Tower
21:04 Scout Tower
21:05 Scout Tower
21:06 Scout Tower
21:06 Scout Tower
21:25 Scout Tower
21:26 Scout Tower
21:27 Scout Tower
21:31 Scout Tower
21:32 Scout Tower
21:34 Scout Tower
21:39 Scout Tower
21:41 Scout Tower
21:42 Scout Tower
21:43 Scout Tower
22:57 Guard Tower
22:57 Guard Tower
22:58 Scout Tower
23:16 Guard Tower
23:16 Guard Tower
23:18 Scout Tower
23:19 Scout Tower
23:31 Guard Tower
23:31 Guard Tower
23:31 Guard Tower
23:47 Guard Tower
23:47 Guard Tower
23:47 Guard Tower
24:22 Scout Tower
24:36 Scout Tower
24:36 Scout Tower
25:25 Guard Tower
25:26 Scout Tower
25:26 Scout Tower
25:35 Guard Tower
25:35 Guard Tower
25:36 Scout Tower
25:37 Scout Tower
25:37 Scout Tower
25:38 Scout Tower
25:54 Scout Tower
25:55 Scout Tower
25:56 Scout Tower
25:58 Scout Tower
26:36 Guard Tower
26:37 Guard Tower
26:37 Scout Tower
26:39 Scout Tower
27:17 Guard Tower
27:17 Guard Tower
27:24 Guard Tower
27:24 Guard Tower
27:35 Scout Tower
27:52 Scout Tower
27:53 Scout Tower
27:55 Scout Tower
27:59 Scout Tower
28:00 Scout Tower
28:18 Guard Tower
28:21 Guard Tower
29:10 Guard Tower
29:11 Guard Tower
29:11 Guard Tower
29:11 Guard Tower
29:11 Guard Tower
29:15 Scout Tower
29:16 Scout Tower
29:16 Scout Tower
29:17 Scout Tower
29:17 Scout Tower
29:18 Scout Tower
30:16 Guard Tower
30:17 Guard Tower
30:21 Scout Tower
30:23 Scout Tower
30:24 Scout Tower
30:26 Scout Tower
30:56 Guard Tower
30:56 Guard Tower
32:01 Scout Tower
32:02 Scout Tower
34:51 Guard Tower
37:18 Scout Tower
37:19 Scout Tower
37:20 Scout Tower
37:21 Scout Tower
38:15 Guard Tower
38:15 Guard Tower
38:18 Scout Tower
38:19 Scout Tower
38:20 Scout Tower
38:51 Guard Tower
38:52 Scout Tower
38:53 Scout Tower
38:54 Scout Tower
38:55 Scout Tower
38:56 Scout Tower
39:23 Guard Tower
39:23 Guard Tower
39:23 Guard Tower
39:23 Guard Tower
39:40 Guard Tower
39:41 Guard Tower
39:42 Scout Tower
39:43 Scout Tower
39:45 Scout Tower
39:46 Scout Tower
40:19 Guard Tower
40:19 Guard Tower
40:22 Scout Tower
40:23 Scout Tower
40:24 Scout Tower
40:24 Scout Tower
40:27 Scout Tower
40:27 Scout Tower
40:42 Guard Tower
40:42 Guard Tower
40:45 Scout Tower
40:45 Scout Tower
40:45 Scout Tower
40:46 Scout Tower
41:11 Guard Tower
41:11 Guard Tower
41:16 Guard Tower
41:16 Guard Tower
41:24 Guard Tower
41:24 Guard Tower
41:25 Guard Tower
41:26 Guard Tower
41:26 Guard Tower
41:26 Guard Tower
41:32 Scout Tower
41:33 Scout Tower
41:33 Scout Tower
41:34 Scout Tower
41:37 Scout Tower
41:38 Scout Tower
41:39 Scout Tower
41:39 Scout Tower
41:40 Guard Tower
41:40 Guard Tower
41:40 Guard Tower
42:50 Scout Tower
42:56 Scout Tower
42:58 Scout Tower
43:00 Scout Tower
43:02 Guard Tower
43:23 Guard Tower
43:23 Guard Tower
43:24 Guard Tower
43:25 Scout Tower
43:55 Guard Tower
43:55 Guard Tower
43:58 Scout Tower
43:59 Scout Tower
44:05 Scout Tower
44:16 Scout Tower
44:17 Scout Tower
44:44 Guard Tower
44:44 Guard Tower
44:46 Guard Tower
44:46 Guard Tower
44:49 Scout Tower
44:49 Scout Tower
44:51 Scout Tower
44:51 Scout Tower
44:56 Scout Tower
44:57 Scout Tower
44:59 Scout Tower
45:00 Scout Tower
45:17 Guard Tower
45:17 Guard Tower
45:20 Guard Tower
45:23 Scout Tower
45:23 Scout Tower
45:24 Scout Tower
45:24 Scout Tower
45:25 Guard Tower
45:25 Guard Tower
45:30 Guard Tower
45:30 Guard Tower
45:37 Guard Tower
45:37 Guard Tower
45:38 Guard Tower
46:32 Guard Tower
47:08 Gryphon Aviary
47:50 Scout Tower
47:51 Scout Tower
47:53 Scout Tower
47:55 Scout Tower
47:56 Scout Tower
47:56 Scout Tower
48:20 Arcane Tower
49:28 Barracks
49:56 Scout Tower
49:58 Scout Tower
49:59 Scout Tower
50:03 Scout Tower
50:47 Guard Tower
50:47 Guard Tower
50:48 Guard Tower
50:50 Guard Tower
50:50 Guard Tower
50:51 Guard Tower
51:19 Blacksmith
51:30 Gryphon Aviary
52:28 Scout Tower
52:29 Scout Tower
52:39 Scout Tower
52:40 Scout Tower
52:59 Guard Tower
52:59 Guard Tower
55:18 Scout Tower
55:18 Scout Tower
55:20 Scout Tower
55:21 Scout Tower
55:21 Scout Tower
55:22 Scout Tower
55:25 Scout Tower
55:48 Guard Tower
56:22 Guard Tower
» items
| Healing Salve | 1 | |
| Staff of Teleportation | 2 | |
| Boots of Speed | 1 | |
| Scroll of Town Portal | 2 | |
| Staff of Sanctuary | 2 | |
| Orb of Lightning | 1 | |
9 total
Chat log
(00:49 / All) BEAR_AND: hi
(00:57 / All) C.SAR: yo
(00:59 / All) C.SAR: gl hf
(01:00 / All) BEAR_AND: from?
(01:12 / All) Jump_InYOurASS: ger
(01:19 / All) BEAR_AND: =-)
(01:22 / All) Tornado-Ro: ro
(01:23 / All) feedingfingertm: gersey shore?
(01:27 / All) C.SAR: ger
(01:57 / Allies) feedingfingertm: yeah long leash range
(01:59 / Allies) feedingfingertm: be super careful
(04:39 / Allies) feedingfingertm: always me
(04:43 / Allies) feedingfingertm: i got 100 food last time
(04:45 / Allies) feedingfingertm: 11 dragons
(04:59 / Allies) feedingfingertm: n
(05:02 / Allies) feedingfingertm: im so low
(05:07 / Allies) feedingfingertm: just wanted items
(05:13 / Allies) feedingfingertm: wanna go back to them?
(06:05 / Allies) feedingfingertm: fuckin mana bur
(06:07 / Allies) feedingfingertm: manner burn
(06:12 / Allies) feedingfingertm: wow isaw that
(09:15 / Allies) feedingfingertm: hippo
(09:53 / Allies) feedingfingertm: ah shit
(10:01 / Allies) feedingfingertm: i gotta get me blink
(10:13 / Allies) feedingfingertm: you goin mk mata?
(10:28 / Allies) feedingfingertm: mata
(10:29 / Allies) feedingfingertm: mk ?
(10:36 / Allies) feedingfingertm: strength 2 here
(11:44 / Allies) feedingfingertm: they probably cre
(12:06 / Allies) feedingfingertm: 1300 fuck
(12:12 / Allies) feedingfingertm: witch doctor
(12:15 / Allies) feedingfingertm: care of wrds
(12:56 / Allies) feedingfingertm: staff tom e
(12:57 / Allies) feedingfingertm: lets take theris
(13:17 / Allies) feedingfingertm: i picked it up 4 u
(15:46 / Allies) feedingfingertm: healing wards are so hard to fight
(16:03 / Allies) feedingfingertm: lets creep that or something ?
(16:33 / Allies) feedingfingertm: can we try race them to this
(17:20 / Allies) feedingfingertm: omw
(17:21 / Allies) feedingfingertm: i have illus
(17:24 / Allies) feedingfingertm: to keep us high health
(17:26 / Allies) feedingfingertm: wait tyler
(17:49 / Allies) feedingfingertm: wow i was like
(17:51 / Allies) feedingfingertm: i should tp in a sec
(17:52 / Allies) feedingfingertm: then i got hexed
(18:33 / Allies) feedingfingertm: they control dragons at the moment it seems so at least i have these dotts
(18:44 / Allies) feedingfingertm: no
(18:46 / Allies) feedingfingertm: so dotts are good
(21:21 / Allies) feedingfingertm: they might fly
(21:28 / Allies) feedingfingertm: yeah just be ready
(21:56 / Allies) feedingfingertm: got a fareie
(25:03 / Allies) feedingfingertm: can wek ill breaina
(25:05 / Allies) feedingfingertm: brian
(25:31 / Allies) feedingfingertm: clean up
(25:32 / Allies) feedingfingertm: therwise
(26:45 / Allies) feedingfingertm: im here
(27:03 / All) BEAR_AND: goodbrian
(28:04 / Allies) feedingfingertm: shit
(28:05 / Allies) feedingfingertm: anybody got 8 food
(28:19 / Allies) feedingfingertm: you want them to have 3 tho ?
(28:34 / Allies) feedingfingertm: oh my god
(28:35 / Allies) feedingfingertm: my dotts cant hit
(28:56 / Allies) feedingfingertm: so these dotts are a waste then
(29:02 / Allies) feedingfingertm: i thought they were immune to spells but not magic damage type
(29:03 / Allies) feedingfingertm: i just forgot
(29:37 / Allies) feedingfingertm: just get raiders
(29:59 / Allies) feedingfingertm: what do i do with these dotts now haha
(30:05 / Allies) feedingfingertm: just get em killed? suicide them myself to towers
(30:22 / Allies) feedingfingertm: they kill the frosties and chims
(30:25 / Allies) feedingfingertm: just not bigdrags
(31:36 / Allies) feedingfingertm: yes
(32:28 / All) C.SAR: nice maphack blue
(32:38 / All) BEAR_AND: lol
(32:40 / All) feedingfingertm: you mean faerie fire?
(32:44 / All) feedingfingertm: its an ability in the game
(33:49 / Allies) feedingfingertm: oh no
(35:41 / Allies) feedingfingertm: i never had mine
(36:08 / Allies) feedingfingertm: coudltn see hex man under dragon
(36:09 / Allies) feedingfingertm: that was stupid
(37:14 / Allies) feedingfingertm: nice haha
(40:27 / Allies) feedingfingertm: what trees do you want me to eat
(40:39 / All) Tornado-Ro: retard game
(40:42 / All) BEAR_AND: cya
(40:42 / Allies) feedingfingertm: rofl
(40:47 / All) feedingfingertm: begone bad players
(42:40 / Allies) feedingfingertm: thought my warden was safely held in the back
(42:44 / Allies) feedingfingertm: not the case
(43:08 / Allies) feedingfingertm: can i get a lil gold mata
(43:21 / Allies) feedingfingertm: yea
(43:26 / Allies) feedingfingertm: wont use much of this
(43:46 / Allies) feedingfingertm: when tc gets res
(43:47 / Allies) feedingfingertm: that will be hard
(47:36 / Allies) feedingfingertm: got a draggy and a save staff
(47:38 / Allies) feedingfingertm: gonna be careful with it
(48:46 / Allies) feedingfingertm: shackles would be good here maybe
(49:25 / All) C.SAR: i guess i load my drophack
(49:28 / All) BEAR_AND: sounds good
(49:29 / All) C.SAR: so i will finish it
(50:48 / Allies) feedingfingertm: raiders
(50:49 / Allies) feedingfingertm: ah damn
(51:02 / Allies) feedingfingertm: i really need mic
(51:05 / Allies) feedingfingertm: yeah i had mk but couldnt staff
(51:07 / Allies) feedingfingertm: i saw that coming
(53:30 / Allies) feedingfingertm: raiders are big here i guess
(53:35 / Allies) feedingfingertm: oh
(53:40 / Allies) feedingfingertm: idk
(55:30 / Allies) feedingfingertm: front
(55:31 / Allies) feedingfingertm: care
(56:45 / Allies) feedingfingertm: dragon control means a lot on this map
(56:50 / Allies) feedingfingertm: if i had them all
(56:53 / Allies) feedingfingertm: this would be so diff
(57:02 / Allies) feedingfingertm: no the point is
(57:03 / Allies) feedingfingertm: we had the money
(57:07 / Allies) feedingfingertm: and it's on a 3 minutes cooldown
(57:17 / Allies) feedingfingertm: even just denying them
(57:21 / Allies) feedingfingertm: would be more powerful than using them
(57:33 / Allies) feedingfingertm: cos it allows them to just push into towers without fear of shackles
(60:09 / Allies) feedingfingertm: haha
(60:12 / Allies) feedingfingertm: bbv was so badly positioned
(60:14 / Allies) feedingfingertm: that he just died instantly
(60:36 / Allies) feedingfingertm: yeah this is a doozy
(61:24 / Allies) feedingfingertm: we can play while hexman is away
(61:29 / Allies) feedingfingertm: he cant stomp us
(62:34 / Allies) feedingfingertm: damnit 80hp shaman
(62:36 / Allies) feedingfingertm: i wanna shoot it but it's death
(62:49 / Allies) feedingfingertm: well die to dragons lol
(62:53 / Allies) feedingfingertm: save bolt for dnd
(62:59 / Allies) feedingfingertm: lich is back
(63:05 / Allies) feedingfingertm: need 100g
(63:11 / Allies) feedingfingertm: gold mata
(63:37 / Allies) feedingfingertm: i can walk it there
(63:38 / Allies) feedingfingertm: eventually
(63:59 / Allies) feedingfingertm: care of wards tho
(64:48 / Allies) feedingfingertm: big level 7
(66:02 / Allies) feedingfingertm: i wish i had built more moonwells here
(66:11 / Allies) feedingfingertm: for mana
(66:54 / Allies) feedingfingertm: jut b
(66:55 / Allies) feedingfingertm: back
(66:56 / Allies) feedingfingertm: back
(67:15 / Allies) feedingfingertm: ung
(69:17 / All) C.SAR: im interested in whats your ambition
(69:30 / Allies) feedingfingertm: haha my spirits
(69:31 / Allies) feedingfingertm: look at this
(69:32 / All) BEAR_AND: getting drophacked
(69:41 / Allies) feedingfingertm: yea
(70:06 / Allies) feedingfingertm: yeah but it does nothing
(70:08 / Allies) feedingfingertm: no
(70:10 / Allies) feedingfingertm: he timed out
(70:14 / Allies) feedingfingertm: yeah it does
(70:57 / Allies) feedingfingertm: now we can win
(71:00 / Allies) feedingfingertm: that i have amassed 40k win
(71:01 / Allies) feedingfingertm: wood
(71:38 / Allies) feedingfingertm: i need gold
(71:48 / Allies) feedingfingertm: 200g for warden
(72:15 / Allies) feedingfingertm: cant put it anywhere but above
(73:15 / Allies) feedingfingertm: especially if he's actualyl gonna try use chims
(73:18 / Allies) feedingfingertm: one of the few units of theirs we can kill
(73:56 / Allies) feedingfingertm: wd
(73:57 / Allies) feedingfingertm: gogogo
(75:41 / Allies) feedingfingertm: haha that was so fucking sick
(75:43 / Allies) feedingfingertm: we need a gif of that
(77:09 / Allies) feedingfingertm: this is getting dire
(77:26 / Allies) feedingfingertm: lemme bring another wisp up
(77:27 / Allies) feedingfingertm: try again
(77:41 / Allies) feedingfingertm: hahah
(77:44 / Allies) feedingfingertm: ultimate micro challenge
(79:03 / Allies) feedingfingertm: i was bad sorry
(79:05 / Allies) feedingfingertm: thats my fault toatlly
(81:16 / Allies) feedingfingertm: hahaha
(81:26 / Allies) feedingfingertm: if only you could return it to my tree or something
(82:26 / Allies) feedingfingertm: rofl
(82:38 / Allies) feedingfingertm: he even has shockwave now
(83:37 / Allies) feedingfingertm: GOD DMANINT
(83:41 / Allies) feedingfingertm: trying to kill this fucking shaman
(83:44 / Allies) feedingfingertm: and heh eals it at 1hp
(83:59 / Allies) feedingfingertm: we cant just have no heroes
(84:46 / Allies) feedingfingertm: maybe build more towers here?
(84:50 / Allies) feedingfingertm: if they break this what do we do
(85:07 / Allies) feedingfingertm: but my altar and shit
(85:31 / Allies) feedingfingertm: we gotta kill shit we can actually kill
(85:35 / Allies) feedingfingertm: like doctors and shaman
(85:37 / Allies) feedingfingertm: thin that stuff out
(85:54 / Allies) feedingfingertm: hes moving round
(85:56 / Allies) feedingfingertm: to other miene
(85:57 / Allies) feedingfingertm: so careful
(88:44 / Allies) feedingfingertm: whatever
(89:44 / Allies) feedingfingertm: just wear tc down
(91:30 / Allies) feedingfingertm: 1775 hp my god
(92:24 / Allies) feedingfingertm: fucking christ
(92:29 / Allies) feedingfingertm: i saved my dragon too
(92:35 / Allies) feedingfingertm: ill try
(92:50 / Allies) feedingfingertm: im going for it
(92:52 / Allies) feedingfingertm: will bring my drag too
(93:15 / Allies) feedingfingertm: did he tavres
(93:45 / Allies) feedingfingertm: yes
(93:48 / Allies) feedingfingertm: i made it my fucking mission
(94:19 / Allies) feedingfingertm: send me 200 gold and ic an make a tree
(94:33 / Allies) feedingfingertm: got the wardman
(94:34 / Allies) feedingfingertm: need zep for my wisp
(95:13 / Allies) feedingfingertm: dragons are chaos so yeah
(95:15 / Allies) feedingfingertm: doesnt help much
(95:39 / Allies) feedingfingertm: low hp one
(95:40 / Allies) feedingfingertm: blade
(96:42 / Allies) feedingfingertm: we can do this
(97:12 / Allies) feedingfingertm: always work on same one
(97:53 / Allies) feedingfingertm: 100 more gold
(97:54 / Allies) feedingfingertm: ?
(97:57 / Allies) feedingfingertm: i can try again
(98:13 / All) BEAR_AND: drophack working on wrong team??
(98:30 / All) Tornado-Ro: retard game
(98:31 / All) Tornado-Ro: lol
(98:35 / All) feedingfingertm: then u should win
(98:40 / All) feedingfingertm: cos u r retard hehe
(98:48 / All) Tornado-Ro: i said retard game
(99:03 / All) Tornado-Ro: and is boring\
(99:05 / All) Tornado-Ro: no fund
(99:06 / All) feedingfingertm: not for us
(99:07 / All) BEAR_AND: ok cya
(99:10 / All) Tornado-Ro: no fun
(99:19 / All) BEAR_AND: no funds is right =-O
(99:21 / All) feedingfingertm: owning u is always fun
(99:52 / Allies) feedingfingertm: we can just wait
(99:54 / Allies) feedingfingertm: just wait it out
(100:20 / Allies) feedingfingertm: coming tyler
(100:24 / All) Tornado-Ro: S
(100:29 / All) Tornado-Ro: sry, i go to eat
(100:34 / All) BEAR_AND: bye
(100:35 / All) mata: thats ok
(100:37 / All) feedingfingertm: np we win
(100:39 / All) BEAR_AND: https://highper.ch
(101:18 / Allies) feedingfingertm: fuck when he dced i lost control of hero
(101:19 / Allies) feedingfingertm: i hate that bug
(101:25 / Allies) feedingfingertm: yeah
(101:46 / Allies) feedingfingertm: i would be good with dragons
(102:17 / Allies) feedingfingertm: they have nothign to stop us staff of save uniting the dragons
(102:30 / Allies) feedingfingertm: so just do that a bunch and then we eventually win
(102:39 / Allies) feedingfingertm: i'll have gold soon
(102:48 / Allies) feedingfingertm: then yeah hook me up
(103:18 / Allies) feedingfingertm: actually not me because food
(103:27 / Allies) feedingfingertm: that's cool i'm mining
(103:45 / Allies) feedingfingertm: let's just chip away at everything
(104:31 / Allies) feedingfingertm: i have 3 dragons
(104:35 / Allies) feedingfingertm: let's just fight and back up as we need to
(104:42 / Allies) feedingfingertm: he's not here to micro
(104:48 / Allies) feedingfingertm: so pull it out
(105:39 / Allies) feedingfingertm: just kill everything else
(105:42 / Allies) feedingfingertm: mine until i have lots of dragons
(105:44 / Allies) feedingfingertm: and then win i guess
(106:00 / Allies) feedingfingertm: anybody need xp
(106:06 / Allies) feedingfingertm: maybe mk or something
(106:13 / Allies) feedingfingertm: we can get undead wagons haha
(106:20 / Allies) feedingfingertm: amazing night elf undead synergy
(106:51 / Allies) feedingfingertm: no watch my warden
(107:09 / Allies) feedingfingertm: ok you guys will have to buy next dragons
(107:15 / Allies) feedingfingertm: so i can send gold for that
(107:20 / Allies) feedingfingertm: and also we could just build units from here
(107:28 / Allies) feedingfingertm: 5 yeah
(107:32 / Allies) feedingfingertm: feels right
(108:21 / Allies) feedingfingertm: nice lvl 9
(108:27 / Allies) feedingfingertm: will actually help a lot in fighting dragons
(108:34 / Allies) feedingfingertm: is mata here
(108:37 / Allies) feedingfingertm: do we want to end this ?
(108:40 / Allies) feedingfingertm: o k
(109:11 / Allies) feedingfingertm: could build some moonwells here
(109:13 / Allies) feedingfingertm: outside of his base haha
(110:15 / Allies) feedingfingertm: this is a puzzle game
(110:34 / Allies) feedingfingertm: maybe 2 minutes for more daraggies
(110:46 / All) feedingfingertm: hmm
(110:47 / All) feedingfingertm: good decision
(110:50 / All) feedingfingertm: trade dragon for nothign
(110:58 / All) feedingfingertm: *sniggers at u *
(111:02 / Allies) feedingfingertm: yeah but i have a 10k mine
(111:04 / Allies) feedingfingertm: it's whatever
(111:07 / All) C.SAR: xD
(111:10 / All) C.SAR: u think i play?
(111:14 / All) C.SAR: im watching football
(111:17 / All) BEAR_AND: yes.....but barely
(111:17 / All) C.SAR: dortmund vs bayern
(111:20 / All) feedingfingertm: i think u play fuckin BAD m8
(111:20 / All) mata: im watching a noob get owned
(111:25 / All) BEAR_AND: whats football mate
(111:31 / All) feedingfingertm: do u mean soccer
(111:48 / Allies) feedingfingertm: someone needs to buy drag
(111:49 / Allies) feedingfingertm: who needs money
(111:57 / Allies) feedingfingertm: tyler said first
(112:03 / Allies) feedingfingertm: you buy this one mata
(112:04 / Allies) feedingfingertm: someone buy it
(112:21 / Allies) feedingfingertm: this one coming up soon
(112:23 / Allies) feedingfingertm: if you have food
(113:32 / Allies) feedingfingertm: bring mk ?
(113:44 / Allies) feedingfingertm: i can bring tree up for faster staff time haha
(115:01 / Allies) feedingfingertm: level 10 for me
(115:23 / All) BEAR_AND: i think somethings wrong with your drophack
(115:25 / Allies) feedingfingertm: what a fucking game
(115:46 / Allies) mata: close call